 Dungeon Crawl Stone Soup version 0.25-a0-290-g4a1327ee3a (webtiles) character file.

Game seed: 2000360175502273697, levelgen mode: deterministic

56 night the Vexing (level 3, 0/19 HPs)
             Began as a Vampire Enchanter on Dec 14, 2019.
             Slain by an adder (2 damage)
             ... on level 2 of the Dungeon.
             The game lasted 00:04:36 (1543 turns).

night the Vexing (Vampire Enchanter)                Turns: 1543, Time: 00:04:36

Health: 0/19       AC:  2    Str: 12    XL:     3   Next: 71%
Magic:  0/7        EV: 12    Int: 18    God:
Gold:   104        SH:  0    Dex: 14    Spells: 2/8 levels left

rFire    . . .     SeeInvis +   a - +1 dagger
rCold    + + .     Gourm    .   (no shield)
rNeg     + + +     Faith    .   b - +0 robe
rPois    ∞         Spirit   .   (no helmet)
rElec    .         Reflect  .   (no cloak)
rCorr    .         Harm     .   (no gloves)
MR       +....     Clarity  +   (no boots)
Stlth    +++++.....             (no amulet)
HPRegen  0.00/turn              (no ring)
MPRegen  0.10/turn              (no ring)

@: mighty, bloodless
A: no food, fangs 3, see invisible, clarity, magic resistance 1, unbreathing
a: Bat Form, Revivify


You were on level 2 of the Dungeon.
You were bloodless.

You visited 1 branch of the dungeon, and saw 2 of its levels.

You collected 104 gold pieces.

Inventory:

Hand Weapons
 a - a +1 dagger (weapon)
Armour
 b - a +0 robe (worn)
Scrolls
 c - 2 scrolls of amnesia {unknown}
 d - a scroll of teleportation {unknown}


   Skills:
 - Level 1.1 Short Blades
 - Level 2.1 Dodging
 - Level 4.4 Stealth
 + Level 3.0 Spellcasting
 + Level 5.8 Hexes


You had 2 spell levels left.
You knew the following spells:

 Your Spells              Type           Power        Failure   Level  Hunger
a - Corona                Hex            ###....      1%          1    N/A
b - Ensorcelled Hibernat  Hex/Ice        ##....       8%          2    N/A
c - Confuse               Hex            ###.....     4%          3    N/A

Your spell library contained the following spells:

 Spells                   Type           Power        Failure   Level  Hunger
 Tukima's Dance           Hex            ###.....     4%          3    N/A
 Dazzling Flash           Conj/Hex       ##....       14%         3    N/A

Dungeon Overview and Level Annotations

Branches:
Dungeon (2/15)

Altars:


Innate Abilities, Weirdness & Mutations

You do not eat.
You do not regenerate when monsters are visible.
You are frail without blood (-20% HP).
You can heal yourself when you bite living creatures.
You are immune to poison.
You have razor-sharp teeth.
You have supernaturally acute eyesight. (SInv)
You can survive without breathing.
You possess an exceptional clarity of mind.
You are resistant to hostile enchantments. (MR+)


Message History

You barely miss the adder. You bite the adder, but do no damage.
The adder closely misses you.
You hit the adder.
The adder is moderately wounded.
The adder bites you. x2
* * * LOW HITPOINT WARNING * * *
You miss the adder.
The adder is moderately wounded.
The adder bites you.
* * * LOW HITPOINT WARNING * * *
It was a potion of mutation.
You feel extremely strange.
You feel resistant to hostile enchantments.
You feel more resistant to hostile enchantments.
You feel less resistant to hostile enchantments.
Your thoughts seem clearer.
The adder barely misses you.
It was a potion of might.
You feel very mighty all of a sudden. The adder bites you.
You die...

.... ##..# # #..# #.
#..####.### #... .....# ..
....#.#.### .# ........((#
.# ...#.#.#†# .. .
#...?.#@# .# ... ###.###S#
.##...# ... ##.##.......
### #........... #
#..#.......#
######.########..#.####.##
.................#.#
.......########.##.#
##...### #.##.#


You could see an adder.

Vanquished Creatures
  An adder (D:2)
  An ooze (D:2)
  A dart slug (D:1)
  2 leopard geckos (D:2)
  3 giant cockroaches (D:2)
  7 goblins
  3 hobgoblins
  6 bats
  3 frilled lizards (D:1)
  7 kobolds
  5 rats (D:1)
39 creatures vanquished.

Notes
Turn   | Place    | Note
-------+----------+-------------------------------------------
     0 | D:1      | night the Vampire Enchanter began the quest for the Orb.
     0 | D:1      | Reached XP level 1. HP: 13/13 MP: 3/3
   329 | D:1      | Reached XP level 2. HP: 5/15 MP: 3/5
   337 | D:1      | Learned a level 2 spell: Ensorcelled Hibernation
   561 | D:1      | Reached skill level 5 in Hexes
  1132 | D:2      | Reached XP level 3. HP: 19/19 MP: 7/7
  1137 | D:2      | Learned a level 3 spell: Confuse
  1542 | D:2      | Gained mutation: You are resistant to hostile enchantments.
                  | (MR+) [potion of mutation]
  1542 | D:2      | Gained mutation: You are highly resistant to hostile
                  | enchantments. (MR++) [potion of mutation]
  1542 | D:2      | Lost mutation: You are highly resistant to hostile
                  | enchantments. (MR++) [potion of mutation]
  1542 | D:2      | Gained mutation: You possess an exceptional clarity of
                  | mind. [potion of mutation]
  1543 | D:2      | Slain by an adder

Levels and vault maps discovered:
D:1:      giann_forest_graveyard, layout_basic
D:2:      layout_loops_ring, xom_teletrap_fun, nicolae_qazlal_eye_of_the_storm

Skill      XL: |  1  2  3 |
---------------+----------+-----
Hexes          | 5 |  5.8
Spellcasting   | 3 |  3.0
Short Blades   | |  1.1
Dodging        | |  2.1
Stealth        | |  4.4

Action                   || total
-------------------------++-------
Melee: Dagger            ||   116
       Bite              ||     6
 Cast: Corona            ||     6
       Ensorcelled Hiber ||    17
       Confuse           ||     1
 Abil: Exsanguinate      ||     1
  Use: Potion            ||     2
 Stab: Sleeping          ||    21
Armor: Robe              ||    37
Dodge: Dodged            ||    94

Table legend:
 A = Non-vault XP
 B = Vault XP
 C = Vault XP percentage of total XP
 D = Non-vault monster count
 E = Vault monster count
 F = Vault count percentage of total count
                 A         B        C        D         E       F
            +---------+---------+-------+---------+---------+-------
      Total |      81 |       0 |   0.0 |      39 |       0 |   0.0
            +---------+---------+-------+---------+---------+-------
        D:1 |      34 |       0 |   0.0 |      24 |       0 |   0.0
        D:2 |      47 |       0 |   0.0 |      15 |       0 |   0.0
            +---------+---------+-------+---------+---------+-------
